 Dungeon Crawl Stone Soup version 0.20.0-15-g7f486f2 (webtiles) character file.

172 pib the Vandal (level 5, -4/36 HPs)
             Began as a Halfling Hunter on June 26, 2017.
             Was a Follower of Trog.
             Killed by nerve-wracking pain
             ... invoked by Grinder
              (14 damage)
             ... while paralysed by Grinder
             ... on level 5 of the Dungeon.
             The game lasted 00:09:40 (3490 turns).

pib the Vandal (Halfling Hunter)                    Turns: 3490, Time: 00:09:41

Health: -4/36      AC:  8    Str: 13    XL:     5   Next: 83%
Magic:  5/5        EV:  3    Int:  9    God:    Trog [*.....]
Gold:   206        SH:  0    Dex: 16    Spells: 4/4 levels left

rFire    . . .     SeeInvis .   b - +1 hunting sling
rCold    . . .     Gourm    .   (shield restricted)
rNeg     . . .     Faith    .   k - +0 chain mail
rPois    .         Spirit   .   (no helmet)
rElec    .         Reflect  .   (no cloak)
rCorr    .         Harm     .   (no gloves)
MR       .....                  (no boots)
Stlth    ..........             (no amulet)
Regen    0.2/turn               (no ring)
MPRegen  0.1/turn               (no ring)

@: paralysed
A: mutation resistance 1
a: Berserk, Burn Spellbooks, Renounce Religion


You were on level 5 of the Dungeon.
You worshipped Trog.
Trog was aware of your devotion.
You were very hungry.

You visited 1 branch of the dungeon, and saw 5 of its levels.

You collected 206 gold pieces.

Inventory:

Hand Weapons
 a - a +0 whip
 b - a +1 hunting sling (weapon)
 i - a +0 short sword
 m - a +0 dagger
Missiles
 d - 27 sling bullets (quivered)
 h - 118 stones
Armour
 c - a +0 leather armour
 k - a +0 chain mail (worn)
 E - a +0 plate armour
Jewellery
 q - a +3 ring of evasion {unknown}
 u - a +3 amulet of reflection {unknown}
Scrolls
 e - 2 scrolls of identify {unknown}
 j - 2 scrolls of fear {unknown}
 o - 2 scrolls of remove curse {unknown}
 r - a scroll of amnesia {unknown}
 t - a scroll of recharging {unknown}
 x - a scroll of fog {unknown}
 y - a scroll of enchant armour {unknown}
Potions
 g - a potion of heal wounds {unknown}
 p - a potion of flight
Books
 v - a book of Misfortune

   Spells                             Type                      Level
   a - Confusing Touch                Hexes                        1
   b - Confuse                        Hexes                        3
   c - Gell's Gravitas                Translocation                3
   d - Petrify                        Transmutation/Earth          4
   e - Metabolic Englaciation         Hexes/Ice                    5
   f - Yara's Violent Unravelling     Hexes/Transmutation          5
   Trog disapproves of the use of such an item.
Comestibles
 f - 2 bread rations
 w - 3 fruits
 z - 2 meat rations
 C - a royal jelly


   Skills:
 + Level 2.9 Fighting
 + Level 7.1 Slings
 + Level 1.4 Armour
 + Level 3.4 Dodging
 + Level 2.3 Stealth


You had 4 spell levels left.
You didn't know any spells.

Dungeon Overview and Level Annotations

Branches:
Dungeon (5/15)
 Temple: D:4-7

Altars:
Dithmenos
Qazlal
Trog
The Shining One

Annotations:
D:4 Blork the orc, Edmund, Sigmund
D:5 Grinder


Innate Abilities, Weirdness & Mutations

You are small and have problems with some larger weapons.
You are somewhat resistant to further mutation.


Message History

The sling bullet hits Grinder but does no damage.
Grinder is moderately wounded.
Grinder says, "DUCK!"
Grinder blinks!
Firing (i - inventory. (,) - cycle):
d - 29 sling bullets (quivered)
Press: ? - help, Shift-Dir - straight line, f/p - Grinder
Aim: Grinder (moderately wounded)
You shoot a sling bullet. The sling bullet hits Grinder.
Grinder is heavily wounded.
Grinder blinks!
Firing (i - inventory. (,) - cycle):
d - 28 sling bullets (quivered)
Press: ? - help, Shift-Dir - straight line, f/p - Grinder
Aim: Grinder (heavily wounded)
You shoot a sling bullet.
The sling bullet closely misses Grinder.
Grinder gestures at you.
You suddenly lose the ability to move!
Grinder gestures at you. Pain shoots through your body!
You die...

#...............##
#.....(..........#
#......(...#.....
#....5.....#.....
#...........#
######'#...[#
#(####<# #(# ###
#@# #.# #.# #.#
#.# #.# #.# #.#


You could see Grinder.

Vanquished Creatures
  A howler monkey zombie (D:5)
  Robin (D:3)
  5 adders
  3 oozes
  A worm (D:2)
  5 leopard geckos
  2 ball pythons (D:2)
  2 giant cockroaches (D:2)
  19 goblins
  12 hobgoblins
  3 jackals
  A quokka (D:3)
  7 bats
  3 frilled lizards
  8 kobolds
  6 rats
79 creatures vanquished.

Notes
Turn   | Place    | Note
-------+----------+-------------------------------------------
     0 | D:1      | pib the Halfling Hunter began the quest for the Orb.
     0 | D:1      | Reached XP level 1. HP: 14/14 MP: 1/1
    26 | D:1      | Reached skill level 6 in Slings
   296 | D:1      | Reached XP level 2. HP: 19/19 MP: 2/2
   586 | D:1      | Reached XP level 3. HP: 22/24 MP: 3/3
   845 | D:1      | You fall through a shaft!
   959 | D:2      | Found a bloodstained altar of Trog.
   960 | D:2      | Found a glowing golden altar of the Shining One.
  1111 | D:2      | Became a worshipper of Trog the Wrathful
  1342 | D:2      | Found a stormy altar of Qazlal.
  1342 | D:2      | Noticed an earth elemental
  1351 | D:2      | Reached XP level 4. HP: 22/29 MP: 4/4
  1600 | D:2      | Noticed a fire elemental
  1602 | D:2      | Noticed a water elemental
  1603 | D:2      | Noticed an air elemental
  1889 | D:2      | Found a shadowy altar of Dithmenos.
  2140 | D:2      | Reached skill level 1 in Armour
  2251 | D:3      | Reached * piety under Trog
  2504 | D:3      | Reached XP level 5. HP: 35/35 MP: 5/5
  2645 | D:3      | Noticed Robin
  2674 | D:3      | Killed Robin
  2676 | D:3      | Reached skill level 7 in Slings
  2973 | D:4      | Noticed an ogre
  2978 | D:4      | Noticed Sigmund
  3157 | D:4      | Noticed Blork the orc
  3158 | D:4      | Noticed Edmund
  3214 | D:5      | Entered Level 5 of the Dungeon
  3246 | D:5      | HP: 2/54 [poisoned by an adder]
  3469 | D:5      | Noticed Grinder
  3470 | D:5      | Paralysed by Grinder for 6 turns
  3487 | D:5      | Paralysed by Grinder for 4 turns
  3490 | D:5      | Killed from afar by Grinder

Skill      XL: |  1  2  3  4  5 |
---------------+----------------+-----
Slings         | 6 7 |  7.1
Fighting       | 2 |  2.9
Dodging        | 3 |  3.4
Stealth        | 2 |  2.3
Armour         | 1 |  1.4

Action                   |  1- 3 |  4- 6 || total
-------------------------+-------+-------++-------
Melee: Whip              |    95 |   233 ||   328
 Fire: Hunting sling     |    35 |    43 ||    78
Invok: Berserk           |       |     1 ||     1
  Use: Potion            |       |     7 ||     7
       Scroll            |       |     3 ||     3
 Stab: Invisible         |       |     1 ||     1
  Eat: Chunk             |     1 |     7 ||     8
Armor: Chain mail        |    54 |   176 ||   230
       Leather armour    |     1 |       ||     1
       Skin              |       |    22 ||    22
Dodge: Dodged            |    56 |   164 ||   220
